 Dungeon Crawl Stone Soup version 0.28-a0-1629-gf728b707aa (webtiles) character file.

Game seed: 997379976185544051

27 HallandMoats the Vandal (level 3, 0/30 HPs)
             Began as a Ghoul Hunter on Jan 24, 2022.
             Slain by a jackal (2 damage)
             ... on level 2 of the Dungeon.
             The game lasted 00:01:23 (979 turns).

HallandMoats the Vandal (Ghoul Hunter)               Turns: 979, Time: 00:01:24

Health: 0/30       AC:  3    Str: 15    XL:     3   Next: 10%
Magic:  2/2        EV: 11    Int:  8    God:
Gold:   56         SH:  0    Dex:  9    Spells: 2/2 levels left

rFire   . . .      SeeInvis .   b - +0 dagger (venom)
rCold   + . .      Faith    .   (no shield)
rNeg    + + +      Spirit   .   c - +0 leather armour
rPois   ∞          Reflect  .   (no helmet)
rElec   .          Harm     .   (no cloak)
rCorr   .          Rampage  .   (no gloves)
Will    .....                   (no boots)
Stlth   +.........              (no amulet)
HPRegen 0.00/turn               (no ring)
MPRegen 0.08/turn               (no ring)

@: inhibited regen
A: claws 1, cold resistance 1, negative energy resistance 3, inhibited
regeneration, torment resistance 2
a: no special abilities


You were on level 2 of the Dungeon.
You visited 1 branch of the dungeon, and saw 2 of its levels.

You collected 56 gold pieces.

Inventory:

Hand Weapons
 a - a +1 hunting sling
 b - a +0 dagger of venom (weapon)
Missiles
 d - 16 sling bullets
 e - 36 stones (quivered)
Armour
 c - a +0 leather armour (worn)
Jewellery
 i - a +4 ring of evasion
 j - a ring of willpower
Scrolls
 f - a scroll of immolation {unknown}
 g - a scroll of identify {unknown}
Potions
 h - a potion of haste {unknown}


   Skills:
 + Level 2.5 Fighting
 * Level 4.0 Slings
 + Level 0.9 Armour
 + Level 2.1 Dodging
 - Level 1.1 Stealth


You had 2 spell levels left.
You didn't know any spells.
Your spell library was empty.

Dungeon Overview and Level Annotations

Branches:
Dungeon (2/15)

Altars:


Innate Abilities, Weirdness & Mutations

You thrive by killing the living.
You are immune to poison.
You have sharp fingernails.
Your flesh is cold resistant. (rC+)
You are immune to negative energy. (rN+++)
You do not regenerate when monsters are visible.
You are immune to unholy pain and torment.


Message History

You are too injured to fight recklessly!
You are too injured to fight recklessly!
You are too injured to fight recklessly!
You are too injured to fight recklessly!
You are too injured to fight recklessly!
You are too injured to fight recklessly!
You are too injured to fight recklessly!
You are too injured to fight recklessly!
You barely miss the jackal. The jackal barely misses you.
You barely miss the jackal. The jackal misses you. x2
You hit the jackal but do no damage. The jackal bites you.
You closely miss the jackal.
The jackal bites you but does no damage.
The jackal closely misses you.
You hit the jackal.
The jackal is poisoned.
Your claw misses the jackal.
The jackal is heavily wounded.
The jackal bites you.
You hit the jackal but do no damage.
The jackal looks as sick as possible!
The jackal is almost dead.
You kill the jackal!
You hit the rat but do no damage.
The rat is poisoned.
The rat bites you.
* * * LOW HITPOINT WARNING * * *
You closely miss the rat.
The rat is severely wounded.
The rat barely misses you.
You barely miss the rat.
The rat is severely wounded.
You kill the rat!
You feel better. The jackal bites you.
* * * LOW HITPOINT WARNING * * *
You hit the jackal but do no damage. The jackal bites you.
* * * LOW HITPOINT WARNING * * *
You barely miss the jackal. The jackal bites you.
* * * LOW HITPOINT WARNING * * *
The jackal bites you.
* * * LOW HITPOINT WARNING * * *
You hit the jackal.
The jackal is poisoned.
The jackal is moderately wounded.
The jackal bites you.
You die...

##################
.................#
################.#
#.# #@# #h# #
##########h# .
.....?hh.wh##### .
......w......!...
#
#.########.######
#..# #..# #...


You could see a worm (poisoned) and 3 jackals.

Vanquished Creatures
  2 worms (D:1)
  An endoplasm (D:1)
  2 giant cockroaches (D:1)
  2 hobgoblins (D:1)
  A jackal (D:2)
  2 kobolds (D:1)
  A quokka (D:1)
  A ball python (D:1)
  A bat (D:2)
  2 frilled lizards (D:1)
  2 goblins (D:1)
  5 rats
22 creatures vanquished.

Notes
Turn   | Place    | Note
-------+----------+-------------------------------------------
     0 | D:1      | HallandMoats the Ghoul Hunter began the quest for the Orb.
     0 | D:1      | Reached XP level 1. HP: 17/17 MP: 0/0
    80 | D:1      | Reached XP level 2. HP: 25/25 MP: 1/1
   471 | D:1      | Reached XP level 3. HP: 30/30 MP: 2/2
   870 | D:2      | Reached skill level 4 in Slings
   979 | D:2      | Slain by a jackal

Illustrated notes

Levels and vault maps discovered:
D:1:      dpeg_arrival_rhombi, layout_loops_ring, nicolae_wormholes
D:2:      layout_basic, minmay_surrounded

Skill      XL: |  1  2  3 |
---------------+----------+-----
Dodging        | 2 |  2.1
Slings         | 4 |  4.0
Fighting       | |  2.5
Armour         | |  0.9
Stealth        | |  1.1

Action                   || total
-------------------------++-------
Melee: Dagger            ||    20
 Fire: Hunting sling     ||    47
Armor: Leather armour    ||     7
Dodge: Dodged            ||    16

Table legend: (Time is in decaauts)
 A = Elapsed time spent in this place.
 B = Non-inter-level travel time spent in this place.
 C = Inter-level travel time spent in this place.
 D = Time resting spent in this place.
 E = Time spent auto-exploring this place.
 F = Levels seen in this place.
 G = Mean time per level.
                   A        B        C        D        E       F      G
               +--------+--------+--------+--------+--------+-----+--------+
         Total |    977 |    921 |     56 |      0 |    789 |   2 |  488.5 |
       Dungeon |    977 |    921 |     56 |      0 |    789 |   2 |  488.5 |
               +--------+--------+--------+--------+--------+-----+--------+

Top non-repeatable levels by time:
     D:1: 842 daAuts
     D:2: 135 daAuts
